 Dungeon Crawl Stone Soup version 0.24.1-11-gbbbb2193e6 (webtiles) character file.

Game seed: 16041027243378084270, levelgen mode: deterministic

23 Peloso the Covered (level 2, -1/24 HPs)
             Began as a Demonspawn Fighter on May 14, 2020.
             Slain by an adder (2 damage)
             ... on level 2 of the Dungeon.
             The game lasted 00:01:02 (749 turns).

Peloso the Covered (Demonspawn Fighter)              Turns: 749, Time: 00:01:02

Health: -1/24      AC:  6    Str: 13 (16) XL:     2   Next: 72%
Magic:  0/2        EV:  6    Int:  7 (9)  God:
Gold:   115        SH:  8    Dex: 11 (12) Spells: 1/1 levels left

rFire    . . .     SeeInvis .   a - +0 long sword
rCold    . . .     Gourm    .   c - +0 shield
rNeg     . . .     Faith    .   b - +0 scale mail
rPois    .         Spirit   +   (no helmet)
rElec    .         Reflect  .   (no cloak)
rCorr    .         Harm     .   (no gloves)
MR       .....                  (no boots)
Stlth    ..........             (no amulet)
HPRegen  0.08/turn              (no ring)
MPRegen  0.08/turn              (no ring)

@: lethally poisoned (-1 -> -8), flying
A: magic shield
a: no special abilities


You were on level 2 of the Dungeon.
You were not hungry.

You visited 1 branch of the dungeon, and saw 2 of its levels.

You collected 115 gold pieces.

Inventory:

Hand Weapons
 a - a +0 long sword (weapon)
Armour
 b - a +0 scale mail (worn)
 c - a +0 shield (worn)
Jewellery
 e - an uncursed amulet of guardian spirit {unknown}
Scrolls
 g - a scroll of fear {unknown}
 h - a scroll of magic mapping {unknown}
 i - a scroll of teleportation {unknown}
 j - a scroll of blinking {unknown}
 k - a scroll of enchant armour {unknown}
 m - a scroll of remove curse {unknown}
 n - a scroll of enchant weapon {unknown}
Potions
 d - a potion of might
Comestibles
 f - 2 rations


   Skills:
 + Level 3.1 Fighting
 + Level 2.0 Long Blades
 + Level 3.2 Armour
 + Level 2.9 Shields


You had one spell level left.
You didn't know any spells.
Your spell library was empty.

Dungeon Overview and Level Annotations

Branches:
Dungeon (2/15)

Altars:
Zin


Innate Abilities, Weirdness & Mutations

When hurt, damage is shared between your health and your magic reserves.


Message History

* * * LOW HITPOINT WARNING * * *
You feel sick. You block the adder's attack. The adder barely misses you.
The adder bites you but does no damage. You block the adder's attack.
Unknown command.
Your scale mail prevents you from hitting the adder.
* * * LOW HITPOINT WARNING * * *
You feel sick. The adder bites you.
* * * LOW HITPOINT WARNING * * *
You block the adder's attack. The adder bites you but does no damage.
Unknown command.
You closely miss the adder.
* * * LOW HITPOINT WARNING * * *
You feel sick. The adder closely misses you.
You riposte.
You barely miss the adder. You block the adder's attack. x2
Unknown command.
You closely miss the adder.
* * * LOW HITPOINT WARNING * * *
You feel sick.
The adder bites you but does no damage. x2
You block the adder's attack. The adder bites you.
You die...

... ... . .. #.#
.. ##.!?##.
#..(..w. #.$_$
#S## ..?. #.@# .
...###S# # ..
###.#..r#.####
#.#.............#
#....$...##.##...
.##.#.....##.##
..............#
###.......##..#
..............#


You could see a worm, 2 adders and a rat.

Vanquished Creatures
  An ooze (D:1)
  3 leopard geckos (D:1)
  A giant cockroach (D:2)
  A hobgoblin (D:1)
  2 kobolds (D:1)
  A quokka (D:2)
  3 bats
  A frilled lizard (D:1)
  A rat (D:1)
14 creatures vanquished.

Notes
Turn   | Place    | Note
-------+----------+-------------------------------------------
     0 | D:1      | Peloso the Demonspawn Fighter began the quest for the Orb.
     0 | D:1      | Reached XP level 1. HP: 18/18 MP: 1/1
   292 | D:1      | Gained mutation: When hurt, damage is shared between your
                  | health and your magic reserves. [demonic ancestry]
   292 | D:1      | Reached XP level 2. HP: 20/24 MP: 2/2
   734 | D:2      | Found a glowing silver altar of Zin.
   749 | D:2      | HP: 1/24 [poisoned by an adder]
   749 | D:2      | Slain by an adder

Levels and vault maps discovered:
D:1:      zelgadis_glass_arrival_small, layout_basic
D:2:      layout_loops_ring, grunt_decor_clamped, minmay_hexomino_r4,
          uniq_crazy_yiuf_cottage

Skill      XL: |  1  2 |
---------------+-------+-----
Armour         | 3 |  3.2
Long Blades    | 2 |  2.0
Fighting       | |  3.1
Shields        | |  2.9

Action                   || total
-------------------------++-------
Melee: Long sword        ||    65
  Use: Potion            ||     2
Armor: Scale mail        ||    46
Dodge: Dodged            ||    21
Block: Shield            ||    43
       Rpst.: Long sword ||     6
